 Dungeon Crawl Stone Soup version 0.26-a0-784-g51bffae0b1 (webtiles) character file.

Game seed: 12397463615240447299

9 Chiseanne the Magician (level 2, 19/19 HPs)
             Began as a Demonspawn Hedge Wizard on Nov 10, 2020.
             Quit the game on level 1 of the Dungeon.
             The game lasted 00:00:35 (391 turns).

Chiseanne the Magician (Demonspawn Hedge Wizard)     Turns: 391, Time: 00:00:35

Health: 19/19      AC:  2    Str: 10    XL:     2   Next: 3%
Magic:  0/6        EV: 12    Int: 15    God:
Gold:   4          SH:  0    Dex: 12    Spells: 6/7 levels left

rFire    . . .     SeeInvis .   e - +0 dagger (speed)
rCold    . . .     Faith    .   (no shield)
rNeg     . . .     Spirit   .   b - +0 robe
rPois    .         Reflect  .   c - +0 hat
rElec    .         Harm     .   (no cloak)
rCorr    .         Rampage  .   (no gloves)
MR       .....                  (no boots)
Stlth    ++........             (no amulet)
HPRegen  0.06/turn              (no ring)
MPRegen  0.10/turn              (no ring)

@: no status effects
A: antennae 1
a: no special abilities


You were on level 1 of the Dungeon.
You visited 1 branch of the dungeon, and saw 1 of its levels.

You collected 4 gold pieces.

Inventory:

Hand Weapons
 e - a +0 dagger of speed (weapon)
Armour
 b - a +0 robe (worn)
 c - a +0 hat (worn)
Scrolls
 a - a scroll of remove curse {unknown}
 d - a scroll of identify {unknown}


   Skills:
 - Level 1.7 Dodging
 - Level 1.7 Stealth
 * Level 3.2 Spellcasting
 * Level 1.6 Conjurations
   Level 1.0 Summonings
   Level 0.8 Translocations


You had 6 spell levels left.
You knew the following spells:

 Your Spells              Type           Power        Failure   Level
a - Magic Dart            Conj           #...         10%         1

Your spell library contained the following spells:

 Spells                   Type           Power        Failure   Level
 Blink                    Tloc           N/A          21%         2
 Call Imp                 Summ           #.......     21%         2
 Slow                     Hex            #.......     30%         2
 Conjure Flame            Conj/Fire      #.......     38%         3
 Mephitic Cloud           Conj/Pois/Air  #.......     43%         3


Dungeon Overview and Level Annotations

Branches:
Dungeon (1/15)

Altars:


Innate Abilities, Weirdness & Mutations

You have a pair of small antennae on your head.


Message History

Aim: a dart slug (severely wounded)
The magic dart hits the dart slug.
The dart slug is severely wounded.
Casting: Magic Dart (safe; 11% risk of failure)
Confirm with . or Enter, or press ? or * to list all spells.
You don't have enough magic to cast that spell.
Casting: Magic Dart (safe; 11% risk of failure)
Confirm with . or Enter, or press ? or * to list all spells.
You don't have enough magic to cast that spell.
Casting: Magic Dart (safe; 11% risk of failure)
Confirm with . or Enter, or press ? or * to list all spells.
You don't have enough magic to cast that spell.
You hit the dart slug.
The dart slug is almost dead.
You hit the dart slug.
You kill the dart slug!
You have reached level 2!
Your demonic ancestry asserts itself...
A pair of antennae grows on your head!
Are you sure you want to abandon this character and quit the game? (Confirm with "yes".)

#...........##.#
####..#...#######.#
..#.#...†.######.#
#
#................#
.#
#.........########
..............#
#..#.###.###.#
#.##..#.###.# #.#
.......@....# #.#
##.#.##.##### #.#
#.# #.# ##. ... #
#.# #.#


There were no monsters in sight!

Vanquished Creatures
  A dart slug (D:1)
  A giant cockroach (D:1)
  A goblin (D:1)
  A hobgoblin (D:1)
  A kobold (D:1)
  A rat (D:1)
6 creatures vanquished.

Notes
Turn   | Place    | Note
-------+----------+-------------------------------------------
     0 | D:1      | Chiseanne the Demonspawn Hedge Wizard began the quest for
                  | the Orb.
     0 | D:1      | Reached XP level 1. HP: 13/13 MP: 4/4
   390 | D:1      | Gained mutation: You have a pair of small antennae on your
                  | head. [demonic ancestry]
   390 | D:1      | Reached XP level 2. HP: 19/19 MP: 0/6
   391 | D:1      | Quit the game

Illustrated notes

Levels and vault maps discovered:
D:1:      matt_arrival_grand_opening, layout_loops_corners, serial_aquarium,
          aquarium_bridge_square [aquarium_subvault_wall,
          aquarium_subvault_window, aquarium_subvault_wall,
          aquarium_subvault_bridge], aquarium_window_2, aquarium_window_1,
          aquarium_window_1, aquarium_view_2d, aquarium_view_2d,
          aquarium_balcony_1a

Action                   || total
-------------------------++-------
Melee: Dagger            ||    13
 Cast: Magic Dart        ||    17
 Stab: Sleeping          ||     1
Dodge: Dodged            ||     8

Table legend: (Time is in decaauts)
 A = Elapsed time spent in this place.
 B = Non-inter-level travel time spent in this place.
 C = Inter-level travel time spent in this place.
 D = Time resting spent in this place.
 E = Time spent auto-exploring this place.
 F = Levels seen in this place.
 G = Mean time per level.
                   A        B        C        D        E       F      G
               +--------+--------+--------+--------+--------+-----+--------+
         Total |    385 |    385 |      0 |    168 |    171 |   1 |  385.0 |
       Dungeon |    385 |    385 |      0 |    168 |    171 |   1 |  385.0 |
               +--------+--------+--------+--------+--------+-----+--------+

Top non-repeatable levels by time:
     D:1: 385 daAuts
